 Dungeon Crawl Stone Soup version 0.28.0-43-g3370ac3207 (webtiles) character file.

Game seed: 11124005366640420509

37 gzilladon the Chopper (level 3, 0/33 HPs)
             Began as a Hill Orc Monk on Mar 29, 2022.
             Slain by an orc wizard
             ... wielding a +0 dagger
              (1 damage)
             ... on level 3 of the Dungeon.
             The game lasted 00:05:38 (1670 turns).

gzilladon the Chopper (Hill Orc Monk)               Turns: 1670, Time: 00:05:39

Health: 0/33       AC:  3    Str: 15    XL:     3   Next: 39%
Magic:  3/3        EV: 12    Int: 10    God:
Gold:   38         SH:  0    Dex: 13    Spells: 2/2 levels left

rFire   . . .      SeeInvis .   a - +0 hand axe
rCold   . . .      Faith    .   (no shield)
rNeg    . . .      Spirit   .   i - +0 leather armour
rPois   .          Reflect  .   (no helmet)
rElec   .          Harm     .   (no cloak)
rCorr   .          Rampage  .   (no gloves)
Will    .....                   (no boots)
Stlth   ++........              (no amulet)
HPRegen 0.11/turn               (no ring)
MPRegen 0.08/turn               (no ring)

@: no status effects
A: no striking features
a: no special abilities


You were on level 3 of the Dungeon.
You visited 1 branch of the dungeon, and saw 3 of its levels.

You collected 38 gold pieces.

Inventory:

Hand Weapons
 a - a +0 hand axe (weapon)
Missiles
 g - 49 stones
 j - 2 silver javelins (quivered)
 l - 3 poisoned darts
Armour
 b - a +0 robe
 i - a +0 leather armour (worn)
Scrolls
 c - a scroll of blinking {unknown}
 d - a scroll of amnesia {unknown}
 e - a scroll of summoning {unknown}
 f - 2 scrolls of identify {unknown}
Potions
 h - a potion of curing {unknown}
 k - a potion of lignification {unknown}
 m - a potion of berserk rage {unknown}
 n - a potion of magic {unknown}


   Skills:
 + Level 4.0 Fighting
 * Level 5.0 Axes
 + Level 0.3 Armour
 + Level 2.6 Dodging
 + Level 1.6 Stealth


You had 2 spell levels left.
You didn't know any spells.
Your spell library was empty.

Dungeon Overview and Level Annotations

Branches:
Dungeon (3/15)

Altars:

Annotations:
D:2 Sigmund


Message History

The endoplasm barely misses you.
You hit the endoplasm but do no damage.
The endoplasm is lightly wounded.
You miss something. Something hits you but does no damage.
The orc barely misses you. The endoplasm barely misses you.
You hit the endoplasm.
The endoplasm is moderately wounded.
You barely miss something.
You hear some strange, mumbled words.
You are confused.
The orc hits you from afar with a +0 trident of protection.
The endoplasm closely misses you.
You hear some strange, mumbled words.
A puff of flame appears from out of thin air!
The puff of flame misses you.
A water moccasin zombie comes into view.
The endoplasm freezes you.
You are frozen.
* * * LOW HITPOINT WARNING * * *
An orc wizard comes into view. It is wielding a +0 dagger.
Something hits you.
* * * LOW HITPOINT WARNING * * *
There is a stone staircase leading up here.
Things that are here:
a +0 falchion; a +0 ring mail An adder comes into view.
The adder hisses angrily.
The endoplasm freezes you.
You are frozen.
* * * LOW HITPOINT WARNING * * *
Things that are here:
a +0 whip; an orc corpse You hit the endoplasm.
You kill the endoplasm!
You barely miss the orc wizard. You miss something. Something hits you.
* * * LOW HITPOINT WARNING * * *
The orc hits you but does no damage. The orc wizard misses you.
You feel less confused.
The orc wizard hits you with a +0 dagger.
You die...

.... ...
..#####
##S....##
#..#.<..# .
#Z......#..
#o<._.#....
#)).(...#
#@o#.<..#
##.....##
#....#####
##....
###...
##... ....
.....
.#####


You could see an orc wizard, an adder, an orc and a water moccasin zombie.

Vanquished Creatures
  A worm (D:2)
  2 orcs (D:3)
  3 ball pythons
  4 bats (D:1)
  3 endoplasms
  3 giant cockroaches (D:1)
  3 goblins (D:1)
  A quokka (D:2)
  2 frilled lizards (D:1)
  3 kobolds
  5 rats
30 creatures vanquished.

Notes
Turn   | Place    | Note
-------+----------+-------------------------------------------
     0 | D:1      | gzilladon the Hill Orc Monk began the quest for the Orb.
     0 | D:1      | Reached XP level 1. HP: 19/19 MP: 1/1
   201 | D:1      | Reached XP level 2. HP: 21/27 MP: 2/2
  1303 | D:2      | Reached XP level 3. HP: 25/33 MP: 3/3
  1622 | D:2      | Noticed Sigmund
  1635 | D:3      | Found a faded altar of an unknown god.
  1653 | D:3      | Reached skill level 5 in Axes
  1669 | D:3      | HP: 1/33 [something (2)]
  1670 | D:3      | Slain by an orc wizard

Illustrated notes

Levels and vault maps discovered:
D:1:      dpeg_arrival_simpleton_c, layout_loops_ring, minmay_misc_feat_x,
          chequers_serial_rivers_micro_c, minmay_pentomino_r2
D:2:      layout_basic, uniq_natasha, uniq_sigmund, uniq_robin
D:3:      layout_basic, nicolae_ecumenical_pavilion

Skill      XL: |  1  2  3 |
---------------+----------+-----
Fighting       | 4 |  4.0
Axes           | 5 |  5.0
Armour         | |  0.3
Dodging        | |  2.6
Stealth        | |  1.6

Action                   || total
-------------------------++-------
Melee: Hand axe          ||    93
       Punch             ||     1
 Stab: Sleeping          ||     4
Armor: Robe              ||    18
       Leather armour    ||     8
Dodge: Dodged            ||    87
